 Dungeon Crawl Stone Soup version 0.17-a0-1920-gafa4d75 (webtiles) character file.

164 mcbry74 the Sneak (level 5, 0/31 HPs)
             Began as a Kobold Assassin on Sept 27, 2015.
             Slain by an orc
             ... wielding a +0 club
              (2 damage)
             ... on level 3 of the Dungeon.
             The game lasted 00:14:32 (2609 turns).

mcbry74 the Sneak (Kobold Assassin)                 Turns: 2609, Time: 00:14:33

Health: 0/31       AC:  4    Str:  9    XL:     5   Next: 73%
Magic:  5/5        EV: 15    Int:  9    God:
Gold:   120        SH:  0    Dex: 19    Spells: 0 memorised, 4 levels left

rFire  . . .     SeeInvis .     a - +2 dagger
rCold  . . .     Clarity  .     c - +0 robe
rNeg   . . .     SustAt   .     (shield restricted)
rPois  .         Gourm    .     (no helmet)
rElec  .         Spirit   .     d - +0 cloak
rCorr  .         Warding  .     r - +0 pair of gloves
rMut   .         Stasis   .     (no boots)
MR     .....                    (no amulet)
Stlth  ++++......               (no ring)
                                (no ring)

@: not resistant to hostile enchantments, stealthy
A: carnivore 3
a: no special abilities


You were on level 3 of the Dungeon.
You were not hungry.

You visited 1 branch of the dungeon, and saw 3 of its levels.

You collected 120 gold pieces.

Inventory:

Hand weapons
 a - a +2 dagger (weapon)
 b - a +0 blowgun
Armour
 c - a +0 robe (worn)
 d - a +0 cloak (worn)
 r - a +0 pair of gloves (worn)
Scrolls
 f - 3 scrolls of identify {unknown}
 h - a scroll of fear {unknown}
 j - a scroll of enchant weapon {unknown}
 l - 2 scrolls of recharging {unknown}
 p - a scroll of magic mapping {unknown}
 q - a scroll of remove curse {unknown}
Potions
 i - a potion of curing {unknown}
 k - a potion of lignification {unknown}
 m - a potion of heal wounds {unknown}
 n - a potion of agility {unknown}
 o - 2 potions of magic {unknown}
 s - a potion of brilliance {unknown}
Comestibles
 g - 4 meat rations


   Skills:
 + Level 2.5 Fighting
 + Level 3.1 Short Blades
 + Level 4.4 Throwing
 + Level 1.6 Dodging
 + Level 7.6 Stealth


You had 4 spell levels left.
You didn't know any spells.

Dungeon Overview and Level Annotations

Branches:
Dungeon (3/15)

Altars:
Gozag
Sif Muna


Innate Abilities, Weirdness & Mutations

You are small and have problems with some larger weapons.
You are carnivorous and can eat meat at any time.


Message History

The magic dart hits you!
* * * LOW HITPOINT WARNING * * *
You hit something but do no damage. You closely miss something.
The orc priest looks braver for a moment.
You closely miss something. Something hits you.
* * * LOW HITPOINT WARNING * * *
You hit something.
Reactivating autopickup.
You feel a bit more experienced.
You hit the orc.
The orc is moderately wounded.
The orc hits you with a club.
* * * LOW HITPOINT WARNING * * *
You closely miss the orc.
The orc is moderately wounded.
You completely miss the orc.
The orc is moderately wounded.
The orc hits you with a club.
You die...

# #o# # #o# # #[# #
#.# # #.# # #.# # #.#
####################.#
................@oo..#
######################


You could see an orc priest and an orc.

Vanquished Creatures
  A scorpion (D:3)
  An orc wizard (D:3)
  3 adders (D:2)
  2 oozes
  2 giant geckos (D:2)
  2 orcs (D:3)
  2 ball pythons
  8 hobgoblins
  7 jackals
  A bat (D:1)
  3 giant newts (D:1)
  4 goblins (D:1)
  5 kobolds
  9 rats
50 creatures vanquished.

Notes
Turn   | Place    | Note
--------------------------------------------------------------
     0 | D:1      | mcbry74 the Kobold Assassin began the quest for the Orb.
     0 | D:1      | Reached XP level 1. HP: 12/12 MP: 1/1
   125 | D:1      | Reached XP level 2. HP: 17/17 MP: 2/2
   604 | D:1      | Reached XP level 3. HP: 22/22 MP: 3/3
   975 | D:1      | Reached skill level 6 in Stealth
  1319 | D:2      | Reached XP level 4. HP: 27/27 MP: 4/4
  1883 | D:2      | Found a deep blue altar of Sif Muna.
  2383 | D:3      | Reached skill level 7 in Stealth
  2383 | D:3      | Reached XP level 5. HP: 31/31 MP: 5/5
  2483 | D:3      | Found an opulent altar of Gozag.
  2609 | D:3      | Slain by an orc

Vault maps used:
D:1:      sevenhm_arrival_forest_fort_large_4, minmay_misc_feat_pillars,
          roderic_serpentine_path
D:2:      minmay_misc_feat_square, led_sif_pool
D:3:      grunt_gozag_statues, first_bread, hex_tiny

Action                   |  1- 3 |  4- 6 || total
-------------------------+-------+-------++-------
Melee: Dagger            |    14 |    39 ||    53
 Fire: Blowgun           |    44 |    27 ||    71
 Stab: Sleeping          |    15 |    14 ||    29
       Distracted        |     1 |       ||     1
  Eat: Chunk             |     2 |     3 ||     5
